 Dungeon Crawl Stone Soup version 0.21.1-1-g345015f (webtiles) character file.

6757 lightbrinder the Martial Artist (level 11, -1/82 HPs)
             Began as a Gnoll Transmuter on Apr 4, 2018.
             Was a High Priest of Okawaru.
             Succumbed to a queen ant's poison
             ... on level 9 of the Dungeon.
             The game lasted 01:13:37 (9820 turns).

lightbrinder the Martial Artist (Gnoll Transmuter)  Turns: 9820, Time: 01:13:37

Health: -1/82      AC:  2    Str: 12    XL:     11   Next: 4%
Magic:  20/22      EV: 34    Int: 17    God:    Okawaru [*****.]
Gold:   627        SH:  3    Dex: 23    Spells: 10/25 levels left

rFire    . . .     SeeInvis .     - Unarmed
rCold    . . .     Gourm    .   (shield currently unavailable)
rNeg     . . .     Faith    .   (armour currently unavailable)
rPois    x         Spirit   .   (helmet currently unavailable)
rElec    .         Reflect  +   (cloak currently unavailable)
rCorr    .         Harm     .   (gloves currently unavailable)
MR       .....                  (boots currently unavailable)
Stlth    +++++.....             g - +3 amulet of reflection
HPRegen  0.23/turn              (no ring)
MPRegen  0.18/turn              (no ring)

@: lethally poisoned (-1 -> -194), spider-form, heroism
A: tiny, distributed training, strong nose
a: End Transformation, Heroism, Finesse, Renounce Religion


You were on level 9 of the Dungeon.
You worshipped Okawaru.
Okawaru was extremely pleased with you.
You were not hungry.
You were a venomous arachnid creature.
You visited 2 branches of the dungeon, and saw 10 of its levels.
You also visited: Ossuary.

You collected 627 gold pieces.

Inventory:

Hand Weapons
 b - a +0 scimitar of flaming
 z - a +3 battleaxe
 A - a +3 morningstar (melded)
Missiles
 u - 76 arrows
 y - 32 bolts
Armour
 C - a scarf of repulsion (melded)
 O - the +0 leather armour of the Shoals (melded) {+Fly MR+ Str+4}
   (You found it on level 9 of the Dungeon)

   It affects your strength (+4).
   It affects your resistance to hostile enchantments.
   It lets you fly.
Magical Staves
 w - an uncursed staff of power
Jewellery
 g - a +3 amulet of reflection (around neck)
Wands
 h - a wand of acid (5)
 q - a wand of iceblast (11)
 t - a wand of polymorph (12)
 v - a wand of scattershot (5)
 K - a wand of clouds (8)
Scrolls
 a - 2 scrolls of immolation
 e - 5 scrolls of remove curse
 f - 7 scrolls of teleportation
 i - 2 scrolls of enchant armour {unknown}
 j - 3 scrolls of amnesia
 l - a scroll of blinking {unknown}
 m - 6 scrolls of fog
 r - a scroll of torment {unknown}
 D - a scroll of summoning {unknown}
 H - a scroll of magic mapping {unknown}
 L - a scroll of enchant weapon {unknown}
 M - 3 scrolls of fear {unknown}
Potions
 k - 2 potions of resistance
 n - 2 potions of might {unknown}
 o - a potion of mutation {unknown}
 p - 2 potions of magic
 B - a potion of flight {unknown}
 E - 5 potions of degeneration
 F - 2 potions of berserk rage {unknown}
 G - a potion of brilliance {unknown}
 I - a potion of cancellation {unknown}
 J - a potion of curing {unknown}
Books
 c - a book of Changes

   Spells                             Type                      Level
   a - Beastly Appendage              Transmutation                1
   b - Sticks to Snakes               Transmutation                2
   c - Spider Form                    Transmutation/Poison         3
   d - Ice Form                       Ice/Transmutation            4
   e - Blade Hands                    Transmutation                5
 s - a book of Conjurations

   Spells                             Type                      Level
   a - Magic Dart                     Conjuration                  1
   b - Searing Ray                    Conjuration                  2
   c - Dazzling Spray                 Conjuration/Hexes            3
   d - Fulminant Prism                Conjuration/Hexes            4
   e - Force Lance                    Conjuration/Translocation    4
   f - Iskenderun's Mystic Blast      Conjuration                  4
Comestibles
 d - 12 rations
 N - a chunk of flesh


   Skills:
 + Level 6.3(11.3) Fighting
 + Level 5.7(10.7) Short Blades
 + Level 5.7(10.7) Long Blades
 + Level 5.7(10.7) Axes
 + Level 5.7(10.7) Maces & Flails
 + Level 5.7(10.7) Polearms
 + Level 5.7(10.7) Staves
 + Level 5.7(10.7) Slings
 + Level 5.7(10.7) Bows
 + Level 5.7(10.7) Crossbows
 + Level 5.7(10.7) Throwing
 + Level 5.7(10.7) Armour
 + Level 7.4(12.4) Dodging
 + Level 5.7(10.7) Stealth
 + Level 5.7(10.7) Shields
 + Level 8.8(13.8) Unarmed Combat
 + Level 7.7 Spellcasting
 + Level 4.7 Conjurations
 + Level 4.7 Hexes
 + Level 4.7 Charms
 + Level 4.7 Summonings
 + Level 4.7 Necromancy
 + Level 4.7 Translocations
 + Level 6.2 Transmutations
 + Level 4.7 Fire Magic
 + Level 4.7 Ice Magic
 + Level 4.7 Air Magic
 + Level 4.7 Earth Magic
 + Level 4.7 Poison Magic
 + Level 6.3 Invocations
 + Level 5.7 Evocations


You had 10 spell levels left.
You knew the following spells:

 Your Spells              Type           Power        Failure   Level  Hunger
a - Beastly Appendage     Tmut           ####..       4%          1    None
b - Sticks to Snakes      Tmut           ####....     6%          2    None
c - Spider Form           Tmut/Pois      ####......   11%         3    #......
d - Ice Form              Ice/Tmut       ####....     26%         4    ###....
e - Blade Hands           Tmut           ####......   43%         5    #####..


Dungeon Overview and Level Annotations

Branches:
Dungeon (9/15)             Temple (1/1) D:5
   Lair: D:8-11         Orc: D:9-12

Altars:
Ashenzari
Cheibriados
Dithmenos
Elyvilon
Fedhas
Gozag
Hepliaklqana
Kikubaaqudgha
Makhleb
Nemelex Xobeh
Okawaru
Qazlal
Ru
Sif Muna
Trog
Uskayaw
Vehumet
Wu Jian
Xom
Yredelemnul
Zin
The Shining One


Innate Abilities, Weirdness & Mutations

Your experience applies equally to all skills.
((You have very sharp teeth.))
Your uncanny sense of smell can sniff out nearby items.


Message History

The queen ant poisons you!
You gain the combat prowess of a mighty hero.
* * * LOW HITPOINT WARNING * * *
You feel extremely sick. The queen ant stings you.
* * * LOW HITPOINT WARNING * * *
You are more poisoned.
The queen ant poisons you!
You feel much better.
You feel extremely sick.
You kill the worker ant!
Okawaru accepts your kill. The queen ant misses you.
You hit the queen ant.
The queen ant looks even sicker.
The queen ant is moderately wounded.
* * * LOW HITPOINT WARNING * * *
You feel extremely sick.
* * * LOW HITPOINT WARNING * * *
You feel extremely sick.
You die...

#.# ....#.... #.#
......... #####.##
......... #....%.#
#.#####..
#.####.######.#.#
#.. ∆ #........#.#
##.
##.####.########.#
##. .........#
#####.### #..
####.#.s.#
#.......###.#
a##### ##..#
#.#####.....[
#a.aaa##a#.# #.#
#####..
##aaaa#.#.# #>#
#.. #aaaa.a##%#
#.# #..
#.a.aaa##.# #.#
#.. #.aa...##..#
#.# #.. a###a.#
##(###.### ####..
###
##.......###......


You could see a queen ant, a soldier ant and 2 worker ants.

Vanquished Creatures
  The ghost of empire the Nimble, a novice GnGl (D:8)
  An efreet (D:9)
  A queen bee (D:8)
  Sigmund (D:3)
  A hungry ghost (D:6)
  5 soldier ants (D:9)
  A water moccasin (D:8)
  Duvessa (D:4)
  4 orc warriors
  2 phantoms
  2 ice beasts
  A black bear (D:6)
  A centaur (D:7)
  4 ogres
  A crocodile (D:7)
  The ghost of Lucio the Gusty, an amateur DrAE (D:3)
  Blork the orc (D:6)
  2 bullfrogs (D:6)
  Dowan (D:4)
  A wyvern zombie (D:6)
  4 scorpions
  12 killer bees (D:8)
  10 wights
  4 crimson imps
  2 howler monkeys (D:6)
  A bullfrog zombie (D:9)
  2 centaur zombies (Ossuary)
  3 hounds
  2 bullfrog skeletons
  A centaur skeleton (D:4)
  6 orc priests
  5 jellies
  Jessica (D:3)
  Ijyb (D:4)
  Terence (D:3)
  2 iguanas
  6 orc wizards
  10 worker ants
  3 ogre zombies (Ossuary)
  A big kobold zombie (Ossuary)
  A hound zombie (D:5)
  6 mummies (Ossuary)
  4 gnolls (D:5)
  11 adders
  4 shadow imps
  An ooze (D:1)
  2 adder zombies (Ossuary)
  7 worms
  A dart slug (D:3)
  3 leopard geckos
  26 orcs
  5 giant cockroaches
  11 goblins
  2 hobgoblins
  4 jackals
  6 ball pythons
  5 bats
  7 frilled lizards
  5 goblin zombies
  A hobgoblin zombie (Ossuary)
  A kobold (D:3)
  2 quokka zombies (Ossuary)
  10 rats
  3 rat zombies (Ossuary)
238 creatures vanquished.

Vanquished Creatures (collateral kills)
  3 adders
  A leopard gecko (D:1)
  A giant cockroach (D:1)
  2 goblins (D:2)
  3 jackals (D:2)
  A ball python (D:1)
  A frilled lizard (D:2)
  A rat (D:2)
13 creatures vanquished.

Vanquished Creatures (others)
  3 killer bees (D:8)
  3 jackals (D:8)
6 creatures vanquished.

Grand Total: 257 creatures vanquished

Notes
Turn   | Place    | Note
-------+----------+-------------------------------------------
     0 | D:1      | lightbrinder the Gnoll Transmuter began the quest for the Orb.
     0 | D:1      | Reached XP level 1. HP: 17/17 MP: 6/6
    64 | D:1      | Reached XP level 2. HP: 13/23 MP: 5/7
    73 | D:1      | Learned a level 2 spell: Sticks to Snakes
   883 | D:1      | Reached XP level 3. HP: 28/28 MP: 9/9
   909 | D:1      | Reached skill level 5 in Spellcasting
   919 | D:1      | Learned a level 3 spell: Spider Form
  1196 | D:2      | Reached skill level 1 in Invocations
  1271 | D:2      | Reached skill level 1 in Short Blades
  1271 | D:2      | Reached skill level 1 in Long Blades
  1271 | D:2      | Reached skill level 1 in Axes
  1271 | D:2      | Reached skill level 1 in Maces & Flails
  1271 | D:2      | Reached skill level 1 in Polearms
  1271 | D:2      | Reached skill level 1 in Staves
  1271 | D:2      | Reached skill level 1 in Slings
  1271 | D:2      | Reached skill level 1 in Bows
  1271 | D:2      | Reached skill level 1 in Crossbows
  1271 | D:2      | Reached skill level 1 in Throwing
  1271 | D:2      | Reached skill level 1 in Armour
  1271 | D:2      | Reached skill level 1 in Stealth
  1271 | D:2      | Reached skill level 1 in Shields
  1271 | D:2      | Reached skill level 1 in Evocations
  1354 | D:2      | Found an opulent altar of Gozag.
  1360 | D:2      | Reached XP level 4. HP: 26/34 MP: 9/11
  1552 | D:2      | Learned a level 4 spell: Ice Form
  1594 | D:3      | Noticed Terence
  1602 | D:3      | Killed Terence
  1624 | D:3      | Reached skill level 1 in Conjurations
  1624 | D:3      | Reached skill level 1 in Hexes
  1624 | D:3      | Reached skill level 1 in Charms
  1624 | D:3      | Reached skill level 1 in Summonings
  1624 | D:3      | Reached skill level 1 in Necromancy
  1624 | D:3      | Reached skill level 1 in Translocations
  1624 | D:3      | Reached skill level 1 in Fire Magic
  1624 | D:3      | Reached skill level 1 in Ice Magic
  1624 | D:3      | Reached skill level 1 in Air Magic
  1624 | D:3      | Reached skill level 1 in Earth Magic
  1624 | D:3      | Reached skill level 1 in Poison Magic
  1668 | D:3      | Noticed Jessica
  1679 | D:3      | Killed Jessica
  1679 | D:3      | Reached XP level 5. HP: 29/40 MP: 8/12
  2063 | D:3      | Noticed Sigmund
  2074 | D:3      | Killed Sigmund
  2074 | D:3      | Reached skill level 5 in Dodging
  2074 | D:3      | Reached XP level 6. HP: 41/47 MP: 11/14
  2103 | D:3      | Noticed Lucio's ghost (amateur DrAE)
  2125 | D:3      | Killed Lucio's ghost
  2594 | D:4      | Noticed Ijyb
  2606 | D:4      | Killed Ijyb
  2796 | D:4      | Reached XP level 7. HP: 46/52 MP: 15/15
  2963 | D:4      | Learned a level 5 spell: Blade Hands
  3029 | D:4      | Reached skill level 7 in Unarmed Combat
  3096 | D:4      | Noticed Duvessa
  3097 | D:4      | Noticed Dowan
  3120 | D:4      | Killed Duvessa
  3122 | D:4      | Killed Dowan
  3699 | D:5      | Entered Level 5 of the Dungeon
  3731 | D:5      | Reached XP level 8. HP: 30/60 MP: 13/16
  4384 | D:5      | Found a glowing golden altar of the Shining One.
  4568 | D:5      | Found a staircase to the Ecumenical Temple.
  4578 | Temple   | Entered the Ecumenical Temple
  4629 | Temple   | Became a worshipper of Warmaster Okawaru
  5036 | D:6      | Reached XP level 9. HP: 55/66 MP: 15/18
  5038 | D:6      | Reached * piety under Okawaru
  5039 | D:6      | Noticed Blork the orc
  5044 | D:6      | Reached skill level 5 in Transmutations
  5056 | D:6      | Killed Blork the orc
  5509 | D:6      | Reached skill level 5 in Fighting
  5703 | D:6      | Reached ** piety under Okawaru
  5758 | D:6      | Reached skill level 8 in Unarmed Combat
  6135 | D:7      | Found a sand-covered staircase.
  6208 | D:7      | Reached skill level 5 in Invocations
  6388 | D:7      | Reached XP level 10. HP: 24/74 MP: 20/20
  6769 | Ossuary  | Entered an ossuary
  7155 | D:8      | Reached *** piety under Okawaru
  7162 | D:8      | Noticed empire's ghost (novice GnGl)
  7204 | D:8      | Reached skill level 5 in Short Blades
  7204 | D:8      | Reached skill level 5 in Long Blades
  7204 | D:8      | Reached skill level 5 in Axes
  7204 | D:8      | Reached skill level 5 in Maces & Flails
  7204 | D:8      | Reached skill level 5 in Polearms
  7204 | D:8      | Reached skill level 5 in Staves
  7204 | D:8      | Reached skill level 5 in Slings
  7204 | D:8      | Reached skill level 5 in Bows
  7204 | D:8      | Reached skill level 5 in Crossbows
  7204 | D:8      | Reached skill level 5 in Throwing
  7204 | D:8      | Reached skill level 5 in Armour
  7204 | D:8      | Reached skill level 5 in Stealth
  7204 | D:8      | Reached skill level 5 in Shields
  7204 | D:8      | Reached skill level 5 in Evocations
  7322 | D:8      | Killed empire's ghost
  7913 | D:8      | Reached **** piety under Okawaru
  8237 | D:8      | Received a gift from Okawaru
  8817 | D:9      | Got an emerald-encrusted leather armour
  9115 | D:9      | Identified the cursed +0 leather armour of the Shoals {+Fly MR+ Str+4} (You found it on level 9 of the Dungeon)
  9743 | D:9      | Reached XP level 11. HP: 80/82 MP: 19/22
  9756 | D:9      | Reached ***** piety under Okawaru
  9808 | D:9      | Noticed a queen ant
  9820 | D:9      | Succumbed to a queen ant's poison

Skill      XL: |  1  2  3  4  5  6  7  8  9 10 |
---------------+-------------------------------+-----
Spellcasting   | 5 6 7 |  7.7
Invocations    | 1 2 3 4 5 6 |  6.3
Short Blades   | 1 2 3 4 5 |  5.7
Long Blades    | 1 2 3 4 5 |  5.7
Axes           | 1 2 3 4 5 |  5.7
Maces & Flails | 1 2 3 4 5 |  5.7
Polearms       | 1 2 3 4 5 |  5.7
Staves         | 1 2 3 4 5 |  5.7
Slings         | 1 2 3 4 5 |  5.7
Bows           | 1 2 3 4 5 |  5.7
Crossbows      | 1 2 3 4 5 |  5.7
Throwing       | 1 2 3 4 5 |  5.7
Armour         | 1 2 3 4 5 |  5.7
Stealth        | 1 2 3 4 5 |  5.7
Shields        | 1 2 3 4 5 |  5.7
Evocations     | 1 2 3 4 5 |  5.7
Conjurations   | 1 2 3 4 |  4.7
Hexes          | 1 2 3 4 |  4.7
Charms         | 1 2 3 4 |  4.7
Summonings     | 1 2 3 4 |  4.7
Necromancy     | 1 2 3 4 |  4.7
Translocations | 1 2 3 4 |  4.7
Fire Magic     | 1 2 3 4 |  4.7
Ice Magic      | 1 2 3 4 |  4.7
Air Magic      | 1 2 3 4 |  4.7
Earth Magic    | 1 2 3 4 |  4.7
Poison Magic   | 1 2 3 4 |  4.7
Fighting       | 3 4 5 6 |  6.3
Dodging        | 5 6 7 |  7.4
Transmutations | 4 5 6 |  6.2
Unarmed Combat | 7 8 |  8.8

Action                   |  1- 3 |  4- 6 |  7- 9 | 10-12 || total
-------------------------+-------+-------+-------+-------++-------
Melee: Hand axe          |    90 |    43 |    31 |       ||   164
       Kick              |     6 |     3 |    10 |    17 ||    36
       Bite              |     6 |     5 |     9 |    14 ||    34
       Headbutt          |     9 |     5 |    12 |     3 ||    29
       Punch             |     1 |       |     2 |     1 ||     4
       Unarmed           |       |    51 |   265 |   242 ||   558
       War axe           |       |       |    89 |       ||    89
       Morningstar       |       |       |    14 |    88 ||   102
 Cast: Beastly Appendage |    17 |    13 |    28 |    13 ||    71
       Sticks to Snakes  |     8 |     4 |       |       ||    12
       Spider Form       |       |     9 |    22 |    20 ||    51
       Ice Form          |       |       |     1 |     2 ||     3
Invok: Heroism           |       |       |       |     2 ||     2
 Abil: End Transformatio |       |       |       |     3 ||     3
Evoke: Wand              |       |       |       |     4 ||     4
  Use: Scroll            |     3 |     4 |     5 |     4 ||    16
       Potion            |       |       |     2 |    11 ||    13
 Stab: Sleeping          |       |     4 |    10 |    12 ||    26
       Distracted        |       |       |       |     2 ||     2
       Confused          |       |       |       |     2 ||     2
       Invisible         |       |       |       |     1 ||     1
  Eat: Chunk             |     2 |     5 |    10 |     6 ||    23
       Ration            |       |       |     2 |     2 ||     4
Armor: Robe              |    18 |     3 |    10 |     2 ||    33
       Scale mail        |    11 |       |       |       ||    11
       Skin              |       |       |     5 |     5 ||    10
       Leather armour    |       |       |       |     1 ||     1
Dodge: Dodged            |    62 |    46 |   298 |   240 ||   646
Block: Other             |       |     1 |    31 |    26 ||    58
